 Dungeon Crawl Stone Soup version 0.21-a0-143-g1ab7d47 (webtiles) character file.

263 AverageBear the Charlatan (level 5, -1/46 HPs)
             Began as a Deep Elf Fighter on July 26, 2017.
             Killed by nerve-wracking pain
             ... invoked by Grinder
              (5 damage)
             ... on level 3 of the Dungeon.
             The game lasted 00:03:59 (3196 turns).

AverageBear the Charlatan (Deep Elf Fighter)        Turns: 3196, Time: 00:04:00

Health: -1/46      AC:  8    Str: 19    XL:     5   Next: 97%
Magic:  10/10      EV:  7    Int: 13    God:
Gold:   106        SH:  9    Dex: 14    Spells: 4/4 levels left

rFire    . . .     SeeInvis .   a - +0 rapier
rCold    . . .     Gourm    .   c - +0 shield
rNeg     + . .     Faith    .   b - +0 scale mail
rPois    .         Spirit   .   d - +1 helmet
rElec    .         Reflect  .   (no cloak)
rCorr    .         Harm     .   (no gloves)
MR       .....                  (no boots)
Stlth    ..........             j - amulet of rage
HPRegen  0.15/turn              i - ring of loudness
MPRegen  0.12/turn              e - ring of positive energy

@: berserking, starving, very quick
A: no striking features
a: Evoke Berserk Rage


You were on level 3 of the Dungeon.
You were starving.

You visited 1 branch of the dungeon, and saw 3 of its levels.

You collected 106 gold pieces.

Inventory:

Hand Weapons
 a - a +0 rapier (weapon)
 n - a cursed -1 club
Armour
 b - a +0 scale mail (worn)
 c - a +0 shield (worn)
 d - a +1 helmet (worn)
Jewellery
 e - a ring of positive energy (right hand)
 i - a ring of loudness (left hand)
 j - an amulet of rage (around neck)
Wands
 r - a wand of iceblast (2/15)
Scrolls
 g - 3 scrolls of remove curse
 k - a scroll of blinking
 u - a scroll of identify
 v - a scroll of amnesia {unknown}
Potions
 h - 2 potions of invisibility
 l - a potion of brilliance
Comestibles
 f - 3 bread rations
 m - 3 chunks of flesh


   Skills:
 - Level 2.4 Fighting
 + Level 4.0 Short Blades
 - Level 2.4 Armour
 - Level 2.4 Shields
 - Level 5.1 Evocations


You had 4 spell levels left.
You didn't know any spells.

Dungeon Overview and Level Annotations

Branches:
Dungeon (3/15)

Altars:
Dithmenos
Okawaru
Vehumet

Annotations:
D:3 Grinder


Message History

You hit Grinder but do no damage.
Grinder is almost dead.
Grinder hits you but does no damage. Grinder hits you.
* * * LOW HITPOINT WARNING * * *
You writhe in agony.
* * * LOW HITPOINT WARNING * * *
You hit Grinder.
Grinder is almost dead.
Grinder gestures at you.
You suddenly lose the ability to move!
Grinder hits you.
* * * LOW HITPOINT WARNING * * *
You can move again.
A red film seems to cover your vision as you go berserk!
You feel yourself moving faster!
You feel mighty!
You are starving!
Grinder says, "Wait up."
Grinder gestures at you. Pain shoots through your body!
You die...

...########.
#...........
............ ... .
###.####...# .. #.#
#..## #..###.# .(..
##..#........ #..#
##.#.# #.?#####..# #
#.#.# #.........#
#####...####...5@....#
..##)..##..?.#.†.....#
#...).###[...........#
#..#)...#....#.......#
............##...<...#
#######.#...##.......#
########.......#
#.......# #########


You could see Grinder.

Vanquished Creatures
  An orc wizard (D:3)
  3 orc priests (D:3)
  Robin (D:3)
  A gnoll (D:1)
  2 adders
  An ooze (D:1)
  4 worms
  2 dart slugs
  6 leopard geckos
  5 orcs (D:3)
  3 giant cockroaches
  8 hobgoblins
  3 jackals (D:3)
  A ball python (D:1)
  A ball python skeleton (D:2)
  9 bats
  3 frilled lizards
  17 goblins
  4 kobolds
  8 rats
83 creatures vanquished.

Vanquished Creatures (others)
  A goblin (D:2)
  A hobgoblin (D:2)
  A kobold (D:2)
3 creatures vanquished.

Grand Total: 86 creatures vanquished

Notes
Turn   | Place    | Note
-------+----------+-------------------------------------------
     0 | D:1      | AverageBear the Deep Elf Fighter began the quest for the Orb.
     0 | D:1      | Reached XP level 1. HP: 13/13 MP: 3/3
   266 | D:1      | Reached XP level 2. HP: 2/18 MP: 4/4
   768 | D:1      | Reached XP level 3. HP: 19/22 MP: 5/5
  1504 | D:2      | Found an iron altar of Okawaru.
  1516 | D:2      | Reached skill level 1 in Evocations
  1606 | D:2      | Found a shadowy altar of Dithmenos.
  1766 | D:2      | Reached XP level 4. HP: 27/27 MP: 6/6
  1891 | D:2      | Found a radiant altar of Vehumet.
  2275 | D:2      | Reached skill level 2 in Evocations
  2545 | D:3      | Reached skill level 3 in Evocations
  2551 | D:3      | Reached XP level 5. HP: 31/31 MP: 7/9
  2786 | D:3      | Noticed Robin
  2814 | D:3      | Killed Robin
  2814 | D:3      | Reached skill level 4 in Evocations
  2836 | D:3      | Reached skill level 5 in Evocations
  3140 | D:3      | Noticed Grinder
  3167 | D:3      | Paralysed by Grinder for 7 turns
  3178 | D:3      | Paralysed by Grinder for 2 turns
  3194 | D:3      | Paralysed by Grinder for 2 turns
  3196 | D:3      | Killed from afar by Grinder

Vault maps used:
D:1:      scummos_arrival_simple_crosswalls, serial_bayou_ford_a
D:2:      fiery_altar_vehumet, okawaru_trees_2, serial_co_window_serial,
          co_window_corner_a, co_window_of_opportunity_a,
          co_window_of_opportunity_a, co_window_paths_a, co_window_paths_b,
          co_window_corner_b, co_window_corner_b, co_window_corner_b,
          co_window_cross_4, co_window_4corner_b,
          nicolae_dithmenos_through_a_glass_darkly
D:3:      minmay_crystal_room, minmay_stone_trees_medium, uniq_robin,
          uniq_grinder

Skill      XL: |  1  2  3  4  5 |
---------------+----------------+-----
Short Blades   | 3 4 |  4.0
Evocations     | 1 3 5 |  5.1
Fighting       | |  2.4
Armour         | |  2.4
Shields        | |  2.4

Action                   |  1- 3 |  4- 6 || total
-------------------------+-------+-------++-------
Melee: Rapier            |   165 |   148 ||   313
 Abil: Evoke Berserk Rag |     5 |     4 ||     9
  Use: Scroll            |     4 |     2 ||     6
       Potion            |       |     6 ||     6
  Eat: Chunk             |     8 |     6 ||    14
Armor: Scale mail        |    67 |    52 ||   119
       Skin              |       |    41 ||    41
Dodge: Dodged            |    51 |    34 ||    85
Block: Shield            |    60 |    76 ||   136
